 Dungeon Crawl Stone Soup version 0.26-a0-651-gb41185065b (webtiles) character file.

Game seed: 13626179131329389231

247 tof the Chopper (level 6, -9/56 HPs)
             Began as a Hill Orc Monk on Oct 5, 2020.
             Mangled by an ogre
             ... wielding a +0 giant spiked club
              (16 damage)
             ... on level 4 of the Dungeon.
             The game lasted 00:06:31 (3946 turns).

tof the Chopper (Hill Orc Monk)                     Turns: 3946, Time: 00:06:33

Health: -9/56      AC:  6    Str: 16    XL:     6   Next: 11%
Magic:  6/6        EV: 10    Int: 10    God:
Gold:   93         SH:  0    Dex: 13    Spells: 5/5 levels left

rFire    . . .     SeeInvis .   a - +0 hand axe
rCold    . . .     Faith    .   (no shield)
rNeg     . . .     Spirit   .   e - +0 scale mail
rPois    .         Reflect  .   (no helmet)
rElec    .         Harm     .   (no cloak)
rCorr    .         Rampage  .   (no gloves)
MR       .....                  (no boots)
Stlth    ..........             (no amulet)
HPRegen  0.18/turn              (no ring)
MPRegen  0.10/turn              (no ring)

@: no status effects
A: no striking features
a: no special abilities


You were on level 4 of the Dungeon.
You visited 1 branch of the dungeon, and saw 4 of its levels.

You collected 93 gold pieces.

Inventory:

Hand Weapons
 a - a +0 hand axe (weapon)
Missiles
 g - 2 javelins (quivered)
 n - 17 poisoned darts
Armour
 b - a +0 robe
 e - a +0 scale mail (worn)
Wands
 h - a wand of random effects (5)
 r - a wand of paralysis (13)
Scrolls
 c - a scroll of noise {unknown}
 f - a scroll of identify {unknown}
 j - a scroll of random uselessness {unknown}
 k - a scroll of teleportation {unknown}
 l - 3 scrolls of blinking {unknown}
 o - a scroll of amnesia {unknown}
 p - a scroll of fear {unknown}
 s - a scroll of immolation {unknown}
 u - 2 scrolls of remove curse {unknown}
 w - a scroll of magic mapping {unknown}
Potions
 d - 2 potions of degeneration {unknown}
 i - a potion of flight {unknown}
 m - 2 potions of might {unknown}
 q - a potion of curing {unknown}
 t - 2 potions of mutation {unknown}
 v - 2 potions of haste {unknown}


   Skills:
 + Level 5.4 Fighting
 + Level 6.0 Axes
 + Level 3.4 Armour
 - Level 2.4 Dodging
 - Level 1.5 Stealth


You had 5 spell levels left.
You didn't know any spells.
Your spell library was empty.

Dungeon Overview and Level Annotations

Branches:
Dungeon (4/15)
 Temple: D:4-7

Altars:
Dithmenos
Trog

Shops:
D:4 (

Annotations:
D:3 1 runed translucent door, p0werm0de's ghost, weakling BaFi


Message History

The ogre hits you with a +0 giant spiked club!!
* * * LOW HITPOINT WARNING * * *
You hit the ogre.
The ogre is heavily wounded.
The ogre misses you.
You hit the ogre.
The ogre is heavily wounded.
You barely miss the ogre.
The ogre is heavily wounded.
The ogre barely misses you.
You hit the ogre.
The ogre is heavily wounded.
The ogre barely misses you.
You barely miss the ogre.
The ogre is heavily wounded.
Your scale mail prevents you from hitting the ogre.
The ogre is heavily wounded.
The ogre barely misses you.
The ogre hits you with a +0 giant spiked club!
You die...

#.####........... #.#
#.##.###### .# ..#
#.##.### .# #.# #.##...#
.# #)# #.####.# .# #.#
#.# #.# .# #.# #.# #.#
.######
#.####.####.#####.......
...............O@..#
####........######.#
#...###.## # ####...#
#.# .......# #.# .#
####...# #.# .# ###.#
#.#######.#
######.###.........####
.........####.........


You could see an ogre.

Vanquished Creatures
  A hound (D:4)
  Jessica (D:3)
  Natasha (thrice) (D:3)
  5 adders
  An ooze (D:1)
  A worm (D:4)
  3 dart slugs
  2 leopard geckos
  An orc (D:3)
  A ball python (D:4)
  3 giant cockroaches
  4 hobgoblins
  4 jackals (D:1)
  A kobold (D:1)
  A quokka (D:3)
  11 bats
  3 frilled lizards
  5 goblins
  13 rats
  2 bushes (D:2)
66 creatures vanquished.

Vanquished Creatures (others)
  A plant (D:2)
1 creature vanquished.

Grand Total: 67 creatures vanquished

Notes
Turn   | Place    | Note
-------+----------+-------------------------------------------
     0 | D:1      | tof the Hill Orc Monk began the quest for the Orb.
     0 | D:1      | Reached XP level 1. HP: 19/19 MP: 1/1
   183 | D:1      | Reached XP level 2. HP: 21/27 MP: 2/2
   271 | D:1      | Reached skill level 1 in Armour
   494 | D:1      | Reached XP level 3. HP: 33/33 MP: 3/3
  1322 | D:2      | Reached XP level 4. HP: 38/41 MP: 4/4
  1413 | D:2      | Reached skill level 5 in Axes
  2452 | D:3      | Found a runed translucent door.
  2453 | D:3      | Noticed a bullfrog
  2461 | D:3      | Noticed Natasha
  2477 | D:3      | Killed Natasha
  2598 | D:3      | Noticed Natasha
  2612 | D:3      | Killed Natasha
  2612 | D:3      | Reached XP level 5. HP: 45/47 MP: 5/5
  2643 | D:3      | Found a shadowy altar of Dithmenos.
  2891 | D:3      | Reached skill level 5 in Fighting
  2955 | D:3      | Noticed Jessica
  2970 | D:3      | Killed Jessica
  3117 | D:3      | Noticed a moth of wrath
  3119 | D:3      | Noticed Natasha
  3142 | D:3      | Killed Natasha
  3365 | D:3      | Found a bloodstained altar of Trog.
  3565 | D:3      | Noticed p0werm0de's ghost (weakling BaFi)
  3672 | D:4      | Reached XP level 6. HP: 52/56 MP: 6/6
  3742 | D:4      | Reached skill level 6 in Axes
  3889 | D:4      | Found Ashiria's Weapon Boutique.
  3946 | D:4      | Mangled by an ogre

Illustrated notes

Levels and vault maps discovered:
D:1:      dpeg_arrival_signposts, layout_basic
D:2:      layout_rooms, serial_forest, infiniplex_forest_side_room,
          infiniplex_forest_lined_room_3, infiniplex_forest_join,
          infiniplex_forest_3_way, infiniplex_forest_clump_diagonal,
          infiniplex_forest_lined_3_way, infiniplex_forest_straight_1
D:3:      layout_loops_ring, old_standard_altar, ebering_ghost_sewer_d,
          tgw_trog, uniq_natasha, uniq_jessica
D:4:      layout_loops_ring, lemuel_crystal_altar, serial_shops, shop,
          hangedman_glass_teeth, chei_slow_surprise, uniq_menkaure

Skill      XL: |  1  2  3  4  5  6 |
---------------+-------------------+-----
Armour         | 1 2 3 |  3.4
Fighting       | 4 5 |  5.4
Axes           | 5 6 |  6.0
Dodging        | |  2.4
Stealth        | |  1.5

Action                   |  1- 3 |  4- 6 || total
-------------------------+-------+-------++-------
Melee: Hand axe          |   122 |   471 ||   593
Throw: Javelin           |       |     4 ||     4
 Stab: Sleeping          |     3 |       ||     3
Armor: Robe              |    17 |       ||    17
       Scale mail        |    35 |    64 ||    99
Dodge: Dodged            |    87 |    79 ||   166

Table legend: (Time is in decaauts)
 A = Elapsed time spent in this place.
 B = Non-inter-level travel time spent in this place.
 C = Inter-level travel time spent in this place.
 D = Time resting spent in this place.
 E = Time spent auto-exploring this place.
 F = Levels seen in this place.
 G = Mean time per level.
                   A        B        C        D        E       F      G
               +--------+--------+--------+--------+--------+-----+--------+
         Total |   3978 |   3836 |    142 |   1077 |   1756 |   4 |  994.5 |
       Dungeon |   3978 |   3836 |    142 |   1077 |   1756 |   4 |  994.5 |
               +--------+--------+--------+--------+--------+-----+--------+

Top non-repeatable levels by time:
     D:2: 1312 daAuts
     D:3: 1280 daAuts
     D:1: 1023 daAuts
     D:4: 361 daAuts
